 Dungeon Crawl Stone Soup version 0.31-a0-1626-g5cb510d322 (webtiles) character file.

Game seed: 6573669897977830282

597 Laraso the Shooter (level 7, 43/52 HPs)
             Began as a Green Draconian Hexslinger on Jan 13, 2024.
             Quit the game on level 5 of the Dungeon.
             The game lasted 00:04:17 (3157 turns).

Laraso the Shooter (Green Draconian Hexslinger)     Turns: 3157, Time: 00:04:17

Health: 43/52      AC:  9    Str: 11    XL:     7   Next: 17%
Magic:  4/8        EV: 12    Int: 13    God:
Gold:   200        SH:  0    Dex: 15    Spells: 6/8 levels left

rFire   . . .        a - +1 sling
rCold   . . .        (no shield)
rNeg    . . .        (body armour unavailable)
rPois   +            g - +2 hat
rElec   .            c - +0 cloak
rCorr   .            (no gloves)
SInv    .            (no boots)
Will    .....        (no amulet)
Stlth   +            (no ring)
HPRegen 0.28/turn    (no ring)
MPRegen 0.11/turn

%: no passive effects
@: weak-willed, jinxed
A: breathe noxious fumes, AC +6, unfitting armour, poison resistance,
cold-blooded
a: Breathe Noxious Fumes


You were on level 5 of the Dungeon.
You visited 1 branch of the dungeon, and saw 5 of its levels.

You collected 200 gold pieces.

Inventory:

Hand Weapons
 a - a +1 sling (weapon)
Armour
 c - a +0 cloak (worn)
 g - a +2 hat (worn)
Jewellery
 d - an amulet of faith
 i - a ring of resist corrosion
Scrolls
 j - a scroll of enchant weapon
 k - a scroll of acquirement {unknown}
 l - a scroll of teleportation {unknown}
 m - a scroll of fear {unknown}
Potions
 b - a potion of cancellation
 e - a potion of invisibility
 f - 2 potions of curing
 h - a potion of enlightenment {unknown}
 n - a potion of degeneration {unknown}
 o - a potion of might {unknown}


   Skills:
 - Level 1.1 Fighting
 * Level 7.3 Ranged Weapons
 - Level 1.7 Dodging
 - Level 1.0 Spellcasting
 - Level 2.6 Hexes
 - Level 1.0 Fire Magic


You had 6 spell levels left.
You knew the following spells:

 Your Spells              Type           Power      Damage    Failure   Level
a - Jinxbite              Hex            14%        N/A       14%         2

Your spell library contained the following spells:

 Spells                   Type           Power      Damage    Failure   Level
 Sigil of Binding         Hex            7%         N/A       28%         3
 Inner Flame              Hex/Fire       5%         N/A       36%         3
 Gell's Gravitas          Tloc           0%         N/A       63%         3
 Teleport Other           Tloc           0%         N/A       63%         3
 Cause Fear               Hex            3%         N/A       67%         4
 Dimensional Bullseye     Hex/Tloc       2%         N/A       85%         4
 Dispersal                Tloc           0%         N/A       100%        6


Dungeon Overview and Level Annotations

Branches:
Dungeon (5/15)
 Temple: D:4-7

Altars:
Trog
Vehumet
Wu Jian

Shops:
D:2 (

Annotations:
D:2 1 runed translucent door, Crazy Yiuf


Innate Abilities, Weirdness & Mutations

You can breathe blasts of noxious fumes.
Your lurid green scales are hard. (AC +6)
You cannot fit into any form of body armour.
Your system is resistant to poisons. (rPois)
You are cold-blooded and may be slowed by cold attacks.


Message History

You shoot a sling bullet.
The sling bullet barely misses the ice beast.
A giggling sprite leaps out and makes the ice beast trip over its own feet.
The ice beast is heavily wounded.
You aren't carrying any items that you can evoke.
Unknown command.
Okay, then.
Okay, then.
You shoot a sling bullet.
The sling bullet hits the ice beast but does no damage.
The ice beast is heavily wounded.
The ice beast hits you but does no damage.
Unknown command.
You shoot a sling bullet. The sling bullet hits the ice beast.
The ice beast is severely wounded.
The ice beast hits you. The ice beast freezes you.
The ice beast barely misses you.
Unknown command.
You shoot a sling bullet. The sling bullet hits the ice beast.
The ice beast is almost dead.
A giggling sprite leaps out and smacks the ice beast with its own front foot.
The ice beast is almost dead.
The jinxing sprites lose interest in you.
The ice beast hits you but does no damage.
Unknown command.
Unknown command.
Casting: Jinxbite (safe; 14% risk of failure)
Confirm with . or Enter, or press ? or * to list all spells.
You beckon some vexing sprites to accompany your attacks.
You feel your willpower being sapped.
The ice beast hits you but does no damage.
You shoot a sling bullet. The sling bullet hits the ice beast.
You kill the ice beast!
Your Ranged Weapons skill increases to level 7!
You have reached level 7!
Your scales start taking on a lurid green colour.
You learn Alchemy much quicker.
You can breathe blasts of noxious fumes.
You feel resistant to poisons.
Are you sure you want to abandon this character and quit the game? (Confirm with "yes".)

########..
#.@.......
#.######.#
#...#..# ###.#..#
### #.#..### #..
#.#....# #.#
#.#.##.# #.#
#......########.#
###.............#


There were no monsters in sight!

Vanquished Creatures
  Sigmund (D:2)
  An ice beast (D:5)
  2 phantoms
  A scorpion (D:4)
  Terence (D:2)
  Robin (D:1)
  2 adders
  A ribbon worm (D:2)
  6 orcs
  5 ball pythons
  2 bats
  7 endoplasms
  6 giant cockroaches
  11 goblins
  11 hobgoblins
  2 quokkas
  7 frilled lizards
  3 kobolds
  4 rats
74 creatures vanquished.

Notes
Turn   | Place    | Note
-------+----------+-------------------------------------------
     0 | D:1      | Laraso the Draconian Hexslinger began the quest for the
                  | Orb.
     0 | D:1      | Reached XP level 1. HP: 16/16 MP: 2/2
    39 | D:1      | Reached skill level 2 in Ranged Weapons
   104 | D:1      | Reached XP level 2. HP: 22/23 MP: 3/3
   115 | D:1      | Learned a level 2 spell: Jinxbite
   514 | D:1      | Found a faded altar of an unknown god.
   678 | D:2      | Reached skill level 3 in Ranged Weapons
   826 | D:2      | Noticed Sigmund
   853 | D:2      | Killed Sigmund
   854 | D:2      | Reached skill level 5 in Ranged Weapons
   854 | D:2      | Reached XP level 3. HP: 17/28 MP: 0/4
   854 | D:2      | Reached XP level 4. HP: 21/35 MP: 0/5
   854 | D:2      | Reached XP level 5. HP: 24/40 MP: 0/6
   948 | D:2      | Found Jichubef's Antique Weapon Boutique.
  1058 | D:2      | Noticed Terence
  1081 | D:2      | Killed Terence
  1159 | D:2      | Noticed Robin
  1211 | D:1      | Killed Robin
  1266 | D:2      | Found a runed translucent door.
  1267 | D:2      | Noticed Crazy Yiuf
  1790 | D:3      | Found an ornate altar of the Wu Jian Council.
  1860 | D:3      | Reached XP level 6. HP: 47/47 MP: 7/7
  2107 | D:4      | Found a radiant altar of Vehumet.
  2435 | D:4      | Found a bloodstained altar of Trog.
  2695 | D:4      | Reached skill level 6 in Ranged Weapons
  2770 | D:5      | Entered Level 5 of the Dungeon
  3145 | D:5      | Noticed an ice beast
  3156 | D:5      | Killed an ice beast
  3157 | D:5      | Reached skill level 7 in Ranged Weapons
  3157 | D:5      | Your scales start taking on a lurid green colour.
  3157 | D:5      | Reached XP level 7. HP: 43/52 MP: 4/8
  3157 | D:5      | Gained mutation: Your system is resistant to poisons.
                  | (rPois) [Green Draconian growth]
  3157 | D:5      | Quit the game

Illustrated notes

Levels and vault maps discovered:
D:1:      evilmike_arrival_crescent, layout_basic,
          shapermc_ecumenical_altar_notcrosses, grunt_decor_junction
D:2:      layout_basic, serial_shops, nicolae_shop_advertising_works
          [nicolae_subvault_shop_adworks], hangedman_decor_points, uniq_terence,
          uniq_robin, uniq_crazy_yiuf_cottage, uniq_sigmund
D:3:      layout_rooms, general_overflow_altar
D:4:      layout_basic, old_standard_altar,
          mainiacjoe_overflow_concentric_impassable
D:5:      layout_basic, zin_academy, nicolae_the_louvre

Skill      XL: |  1  2  3  4  5  6 |
---------------+-------------------+-----
Ranged Weapons | 2 5 7 |  7.3
Fighting       | |  1.1
Dodging        | |  1.7
Spellcasting   | |  1.0
Hexes          | |  2.6
Fire Magic     | |  1.0

Action                     |  1- 3 |  4- 6 |  7- 9 || total
---------------------------+-------+-------+-------++-------
  Melee: Sling             |       |     1 |       ||     1
   Fire: Sling             |    97 |   195 |       ||   292
   Cast: Jinxbite          |     3 |    12 |       ||    15
    Use: Scroll            |     1 |     4 |       ||     5
         Potion            |     1 |       |       ||     1
 Armour: Skin              |    30 |    77 |       ||   107
  Dodge: Dodged            |    30 |    64 |       ||    94

Table legend: (Time is in decaauts)
 A = Elapsed time spent in this place.
 B = Non-inter-level travel time spent in this place.
 C = Inter-level travel time spent in this place.
 D = Time resting spent in this place.
 E = Time spent auto-exploring this place.
 F = Levels seen in this place.
 G = Mean time per level.
                   A        B        C        D        E       F      G
               +--------+--------+--------+--------+--------+-----+--------+
         Total |   3209 |   3046 |    163 |    234 |   2164 |   5 |  641.8 |
       Dungeon |   3209 |   3046 |    163 |    234 |   2164 |   5 |  641.8 |
               +--------+--------+--------+--------+--------+-----+--------+

Top non-repeatable levels by time:
     D:2: 955 daAuts
     D:4: 926 daAuts
     D:1: 722 daAuts
     D:3: 472 daAuts
     D:5: 133 daAuts
